 Dungeon Crawl Stone Soup version 0.23-a0-577-g2b1de94 (webtiles) character file.

151 TheGoonsmith the Ducker (level 5, 0/27 HPs)
             Began as a Spriggan Abyssal Knight on Dec 15, 2018.
             Was a Believer of Lugonu.
             Succumbed to an orc wizard's poison
             ... on level 2 of the Dungeon.
             The game lasted 00:07:35 (2879 turns).

TheGoonsmith the Ducker (Spriggan Abyssal Knight)   Turns: 2879, Time: 00:07:35

Health: 0/27       AC:  4    Str:  8    XL:     5   Next: 10%
Magic:  7/7        EV: 27    Int: 15    God:    Lugonu [**....]
Gold:   93         SH:  0    Dex: 22    Spells: 4/4 levels left

rFire    . . .     SeeInvis +   a - +1 short sword
rCold    . . .     Gourm    .   (shield restricted)
rNeg     + . .     Faith    .   h - +2 robe {rN+}
rPois    .         Spirit   .   (helmet restricted)
rElec    +         Reflect  .   (no cloak)
rCorr    .         Harm     .   (gloves unavailable)
MR       .....                  (boots unavailable)
Stlth    ++++......             (no amulet)
HPRegen  0.09/turn              (no ring)
MPRegen  0.10/turn              (no ring)

@: agile, lethally poisoned (0 -> -5), slowed, quick
A: very small, unfitting armour, see invisible, clever 1, herbivore, speed 3,
electricity resistance, slow metabolism 2
a: Depart the Abyss, Bend Space, Renounce Religion


You were on level 2 of the Dungeon.
You worshipped Lugonu.
Lugonu was pleased with you.
You were not hungry.

You visited 1 branch of the dungeon, and saw 3 of its levels.
You visited the Abyss 1 time.

You collected 93 gold pieces.

Inventory:

Hand Weapons
 a - a +1 short sword (weapon)
 d - a +0 dagger
Armour
 b - a +0 robe
 h - a +2 robe of positive energy (worn)
Scrolls
 e - a scroll of blinking
 g - a scroll of remove curse
Potions
 l - a potion of might
 m - a potion of flight
Comestibles
 c - 7 rations


   Skills:
 - Level 2.4 Fighting
 + Level 3.8 Short Blades
 + Level 5.4 Dodging
 + Level 4.1 Stealth
 - Level 1.7 Invocations


You had 4 spell levels left.
You didn't know any spells.
Your spell library was empty.

Dungeon Overview and Level Annotations

Branches:
Dungeon (3/15)

Altars:


Innate Abilities, Weirdness & Mutations

You are very small and have problems with some larger weapons.
You are too small for most types of armour.
You have supernaturally acute eyesight. (SInv)
You are a herbivore.
You cover ground extremely quickly.
You need to consume almost no food.
Your mind is acute. (Int +2)
You are resistant to electric shocks. (rElec)


Message History

You are lethally poisoned!
You climb upwards.
* * * LOW HITPOINT WARNING * * *
You feel sick.
There is a stone staircase leading down, spattered with blood here.
It was a potion of mutation.
You feel extremely strange.
You feel clever.
You feel insulated.
* * * LOW HITPOINT WARNING * * *
You feel sick.
It was a potion of magic.
Magic courses through your body.
* * * LOW HITPOINT WARNING * * *
You feel sick.
It was a potion of agility.
You feel agile all of a sudden.
* * * LOW HITPOINT WARNING * * *
You feel sick.
* * * LOW HITPOINT WARNING * * *
You feel sick.
There is a lethal amount of poison in your body!
You die...

...#.......#...............#
...#..........####.........#
..........##.#####..########
.....#....##....(...#
....#####.##..####.## ....#
#.#..## #(# ....# ##.).###
##.# #..(# #......###..#
#.#.# #......##@>#########
..#.####........)##.......#
..............#####.......#
..#.##.......(#####.......#
.................)........#
.)......#..^.######†......#
..........##.# #.......#
........####.######.......#
.........# #.....##########


There were no monsters in sight!

Vanquished Creatures
  A howler monkey (D:1)
  An orc priest (D:2)
  An adder (D:1)
  A worm (D:3)
  4 dart slugs
  A leopard gecko (D:2)
  3 orcs (D:3)
  10 bats
  4 giant cockroaches
  9 goblins
  3 hobgoblins (D:1)
  4 jackals (D:2)
  A quokka (D:3)
  A ball python (D:2)
  4 frilled lizards
  6 kobolds
  5 rats
59 creatures vanquished.

Notes
Turn   | Place    | Note
-------+----------+-------------------------------------------
     0 | Abyss:1  | TheGoonsmith the Spriggan Abyssal Knight began the quest
                  | for the Orb.
     0 | Abyss:1  | Reached XP level 1. HP: 11/11 MP: 3/3
    24 | D:1      | Escaped the Abyss
   209 | D:1      | Reached skill level 1 in Stealth
   301 | D:1      | Reached XP level 2. HP: 15/16 MP: 4/4
   326 | D:1      | Reached skill level 4 in Dodging
  1153 | D:2      | Noticed a howler monkey
  1186 | D:1      | Reached ** piety under Lugonu
  1186 | D:1      | Reached XP level 3. HP: 12/19 MP: 5/5
  1212 | D:1      | Reached XP level 4. HP: 6/23 MP: 4/6
  1879 | D:2      | Reached skill level 5 in Dodging
  2615 | D:3      | Reached XP level 5. HP: 27/27 MP: 7/7
  2875 | D:2      | Gained mutation: Your mind is acute. (Int +2) [potion of
                  | mutation]
  2875 | D:2      | Gained mutation: You are resistant to electric shocks.
                  | (rElec) [potion of mutation]
  2878 | D:2      | HP: 1/27 [poisoned by an orc wizard]
  2879 | D:2      | Succumbed to an orc wizard's poison

Vault maps used:
D:1:      psy_arrival_statuary, minmay_close_crescents
D:3:      lemuel_upstairs_altar, first_ration

Skill      XL: |  1  2  3  4 |
---------------+-------------+-----
Stealth        | 1 2 3 4 |  4.1
Dodging        | 4 5 |  5.4
Short Blades   | 3 |  3.8
Fighting       | |  2.4
Invocations    | |  1.7

Action                   |  1- 3 |  4- 6 || total
-------------------------+-------+-------++-------
Melee: Short sword       |    85 |   130 ||   215
Invok: Bend Space        |     1 |     1 ||     2
  Use: Scroll            |     1 |     8 ||     9
       Potion            |       |     7 ||     7
 Stab: Sleeping          |     1 |     1 ||     2
       Distracted        |       |     1 ||     1
Armor: Robe              |     7 |    12 ||    19
Dodge: Dodged            |    79 |   131 ||   210

Table legend:
 A = Non-vault XP
 B = Vault XP
 C = Vault XP percentage of total XP
 D = Non-vault monster count
 E = Vault monster count
 F = Vault count percentage of total count
                 A         B        C        D         E       F
            +---------+---------+-------+---------+---------+-------
      Total |     204 |      12 |   5.6 |      53 |       6 |  10.2
            +---------+---------+-------+---------+---------+-------
        D:1 |      96 |      12 |  11.1 |      17 |       6 |  26.1
        D:2 |      74 |       0 |   0.0 |      23 |       0 |   0.0
        D:3 |      34 |       0 |   0.0 |      13 |       0 |   0.0
            +---------+---------+-------+---------+---------+-------
